Map: Automaton LE

Players

Shagrath - Winner!

  • Race: Zerg Zerg
  • League: Platinum
  • Spawn Location: 3:00

VOD

Have the link to the VOD?

Description

Time

  • Played on: May 4, 2019, 3:11 p.m.
  • Length: 4:35
Show
View Real Time Build Order
Export as new Build Order

Shagrath Zerg - Winner!

Build Orders: Pool Only 

Get SALT Encoding   

  12  0:04  Drone  
  12  0:08  Extractor  
  12  0:26  Spawning Pool  
  12  0:30  Drone  
  12  0:35  Drone  
  12  0:48  Drone  
  12  0:54  Overlord  
  12  1:13  Zergling x4  
  12  1:14  Zergling x2  
  12  1:23  Queen  
  12  1:34  Metabolic Boost  
  12  1:39  Zergling x2  
  12  1:44  Zergling x2  
  12  2:00  Lair  
  12  2:08  Overlord  
  12  2:13  Zergling x2  
  12  2:29  Zergling x4  
  12  2:34  Zergling x4  
  12  2:38  Zergling x2  
  12  2:44  Zergling x2  
  12  2:56  Zergling x2  
  12  3:04  Nydus Network  
  12  3:08  Zergling x2  
  12  3:13  Zergling x2  
  12  3:23  Overlord  
  12  3:43  Nydus Canal  
  12  3:48  Zergling x2  
  12  3:49  Zergling x4  
  12  3:52  Zergling x2  
  12  3:55  Zergling x2  
  12  4:12  Zergling x2  
  12  4:13  Zergling x4  
Tags
 
Add a new tag
Caveats
  • Supply blocks, unpowered buildings, or Contaminate may cause inaccurate times.
  • Supply counts are checked every 10 seconds.